 Dungeon Crawl Stone Soup version 0.27-a0-522-g46bbb28828 (webtiles) character file.

Game seed: 9248846583730972992

141 jasper the Sneak (level 5, 0/25 HPs)
             Began as a Spriggan Brigand on Mar 4, 2021.
             Slain by a hobgoblin
             ... wielding a +0 club
             ... led by Robin
              (4 damage)
             ... on level 3 of the Dungeon.
             The game lasted 00:04:01 (2645 turns).

jasper the Sneak (Spriggan Brigand)                 Turns: 2645, Time: 00:04:02

Health: 0/25       AC:  3    Str:  7    XL:     5   Next: 3%
Magic:  6/6        EV: 16    Int: 12    God:
Gold:   143        SH:  0    Dex: 18    Spells: 4/4 levels left

rFire    . . .     SeeInvis +   m - +0 hunting sling (vorpal)
rCold    . . .     Faith    .   (shield restricted)
rNeg     . . .     Spirit   .   b - +0 robe
rPois    .         Reflect  .   (helmet restricted)
rElec    .         Harm     .   c - +0 cloak
rCorr    .         Rampage  .   (gloves unavailable)
Will     .....                  (boots unavailable)
Stlth    ++++......             (no amulet)
HPRegen  0.08/turn              (no ring)
MPRegen  0.10/turn              (no ring)

@: very quick
A: very small, unfitting armour, see invisible, speed 3
a: no special abilities


You were on level 3 of the Dungeon.
You visited 1 branch of the dungeon, and saw 4 of its levels.

You collected 143 gold pieces.

Inventory:

Hand Weapons
 a - a +2 dagger
 j - a +0 short sword
 m - a +0 vorpal hunting sling (weapon)
Missiles
 d - 7 poisoned darts
 e - 2 curare-tipped darts
 g - 30 arrows
 r - 26 stones (quivered ammo)
 w - 3 sling bullets
Armour
 b - a +0 robe (worn)
 c - a +0 cloak (worn)
Jewellery
 q - a ring of see invisible
Wands
 l - a wand of iceblast (11)
Scrolls
 f - a scroll of teleportation
 i - 6 scrolls of identify
 k - a scroll of immolation {unknown}
 n - a scroll of magic mapping {unknown}
 p - a scroll of fog {unknown}
 t - a scroll of enchant weapon {unknown}
 x - a scroll of amnesia {unknown}
Potions
 h - 2 potions of cancellation
 s - a potion of lignification {unknown}
 u - a potion of attraction {unknown}
 v - a potion of mutation {unknown}
 z - a potion of heal wounds {unknown}
 A - a potion of degeneration {unknown}


   Skills:
 - Level 1.5 Fighting
 - Level 2.1 Short Blades
 * Level 4.4 Throwing
 - Level 1.3 Dodging
 + Level 7.3 Stealth


You had 4 spell levels left.
You didn't know any spells.
Your spell library was empty.

Dungeon Overview and Level Annotations

Branches:
Dungeon (4/15)
 Temple: D:4-7

Altars:
Gozag
Hepliaklqana
Qazlal

Annotations:
D:3 2 transporters, Robin, Sigmund


Innate Abilities, Weirdness & Mutations

You are very small and have problems with some larger weapons.
You are too small for most types of armour.
You have supernaturally acute eyesight. (SInv)
You cover ground extremely quickly. (Speed+++)


Message History

You climb upwards.
Level annotation: 2 transporters, Sigmund
There is a stone staircase leading down, spattered with blood here.
Fire: 30 stones
Press: ? - help, Q - select action, (/) - cycle Shift-Dir - straight line, f - Robin
Aim: Robin, wielding a +0 mace, wearing a +0 animal skin and wearing a +0 helmet (69% to hit)
You shoot a stone.
The stone hits Robin but does no damage.
The hobgoblin closely misses you. The goblin hits you.
Robin roars a battlecry!
The goblins go into a battle-frenzy!
You take 4 damage, and have 21/25 hp.
Fire: 29 stones
Press: ? - help, Q - select action, (/) - cycle Shift-Dir - straight line, f - goblin, p - Robin
Aim: a goblin (strong, 55% to hit)
You shoot a stone. The stone completely misses the goblin.
The hobgoblin barely misses you. The goblin hits you but does no damage.
Robin barely misses you.
Fire: 28 stones
Press: ? - help, Q - select action, (/) - cycle Shift-Dir - straight line, f/p - goblin
Aim: a goblin (strong, 55% to hit)
You shoot a stone. The stone misses the goblin.
The goblin hits you. The hobgoblin hits you with a +0 club.
Robin's horned helmet rattles.
You take 9 damage, and have 12/25 hp.
MASSIVE DAMAGE!!
Fire: 27 stones
Press: ? - help, Q - select action, (/) - cycle Shift-Dir - straight line, f/p - goblin
Aim: a goblin (strong, 55% to hit)
You shoot a stone. The stone barely misses the goblin.
The goblin barely misses you. The hobgoblin closely misses you.
Robin hits you with a +0 mace.
* * * LOW HITPOINT WARNING * * *
You take 6 damage, and have 6/25 hp.
MASSIVE DAMAGE!!
As you read the scroll labelled KES KEEREDEATO, it crumbles to dust.
It is a scroll of identify.
f - a scroll of teleportation The goblin hits you.
* * * LOW HITPOINT WARNING * * *
The hobgoblin hits you with a +0 club.
You die...

##.<. #### ###
### #... <.#
##.## #.## #.#
##.#.## #.# #.#
##)###.####.#
#.# #.##
##.....# #.#####
##.###.######
#...g@#####.#.##
#####gg......##
##########


You could see Robin, a hobgoblin (strong) and a goblin (strong).

Vanquished Creatures
  Ijyb (D:3)
  3 adders
  2 oozes (D:3)
  2 worms
  15 bats
  4 giant cockroaches
  12 goblins
  12 hobgoblins
  9 kobolds
  2 quokkas
  3 frilled lizards
  5 rats
70 creatures vanquished.

Notes
Turn   | Place    | Note
-------+----------+-------------------------------------------
     0 | D:1      | jasper the Spriggan Brigand began the quest for the Orb.
     0 | D:1      | Reached XP level 1. HP: 10/10 MP: 2/2
   153 | D:1      | Reached skill level 6 in Stealth
   310 | D:1      | Reached XP level 2. HP: 14/14 MP: 3/3
   912 | D:2      | Reached XP level 3. HP: 18/18 MP: 4/4
  1007 | D:2      | Found a hazy altar of Hepliaklqana.
  1007 | D:2      | Found a stormy altar of Qazlal.
  1577 | D:3      | Found a transporter.
  1577 | D:3      | Found a transporter.
  1667 | D:3      | Found an opulent altar of Gozag.
  1732 | D:3      | Noticed Ijyb
  1756 | D:3      | Killed Ijyb
  1757 | D:3      | Reached XP level 4. HP: 12/22 MP: 5/5
  1936 | D:3      | Reached skill level 7 in Stealth
  1938 | D:3      | Noticed Sigmund
  2174 | D:4      | Noticed Robin
  2448 | D:3      | Reached XP level 5. HP: 7/25 MP: 6/6
  2645 | D:3      | Slain by a hobgoblin

Illustrated notes

Levels and vault maps discovered:
D:1:      minmay_arrival_arboretum_small, layout_loops_ring, nrook_loot_triangle
D:2:      layout_rooms, gammafunk_temple_overflow_wave, kennysheep_donut
D:3:      gammafunk_steamed_eel, layout_loops_ring, nicolae_gozag_seed_capital,
          chequers_ecumenical_altar_twisty, uniq_ijyb, uniq_sigmund
D:4:      layout_cave_pools, uniq_grinder, uniq_robin

Skill      XL: |  1  2  3  4 |
---------------+-------------+-----
Stealth        | 6 7 |  7.3
Throwing       | 3 4 |  4.4
Fighting       | |  1.5
Short Blades   | |  2.1
Dodging        | |  1.3

Action                   |  1- 3 |  4- 6 || total
-------------------------+-------+-------++-------
Melee: Dagger            |    46 |       ||    46
 Fire: Hunting sling     |    99 |    67 ||   166
Throw: Dart              |     8 |       ||     8
  Use: Potion            |     2 |     1 ||     3
       Scroll            |       |     1 ||     1
 Stab: Sleeping          |     4 |       ||     4
       Invisible         |     1 |       ||     1
Armor: Robe              |    10 |     7 ||    17
Dodge: Dodged            |    63 |    21 ||    84

Table legend: (Time is in decaauts)
 A = Elapsed time spent in this place.
 B = Non-inter-level travel time spent in this place.
 C = Inter-level travel time spent in this place.
 D = Time resting spent in this place.
 E = Time spent auto-exploring this place.
 F = Levels seen in this place.
 G = Mean time per level.
                   A        B        C        D        E       F      G
               +--------+--------+--------+--------+--------+-----+--------+
         Total |   1979 |   1924 |     55 |    226 |   1253 |   4 |  494.8 |
       Dungeon |   1979 |   1924 |     55 |    226 |   1253 |   4 |  494.8 |
               +--------+--------+--------+--------+--------+-----+--------+

Top non-repeatable levels by time:
     D:3: 901 daAuts
     D:1: 605 daAuts
     D:2: 449 daAuts
     D:4: 24 daAuts
